 Dungeon Crawl Stone Soup version 0.29-a0-222-g5b244fca1f (webtiles) character file.

Game seed: 14758791952438560944

23 riojii the Scratcher (level 2, -2/11 (12) HPs)
             Began as a Felid Transmuter on Feb 28, 2022.
             Slain by an orc
             ... wielding a +0 hand axe of draining
              (4 damage)
             ... on level 2 of the Dungeon.
             The game lasted 00:00:57 (1288 turns).

riojii the Scratcher (Felid Transmuter)             Turns: 1288, Time: 00:00:57

HP:   -2/11 (12)    AC:  1    Str:  6    XL:     2   Next: 75%
MP:   6/6           EV: 17    Int: 14    God:
Gold: 31            SH:  0    Dex: 16    Spells: 4/5 levels left
                                        Lives: 0   Deaths: 0

rFire   . . .      SeeInvis +     - Unarmed
rCold   . . .      Faith    .   (shield unavailable)
rNeg    . . .      Spirit   .   (body armour unavailable)
rPois   .          Reflect  .   (helmet unavailable)
rElec   .          Harm     .   (cloak unavailable)
rCorr   .          Rampage  .   (gloves unavailable)
Will    .....                   (boots unavailable)
Stlth   +.........              (no amulet)
HPRegen 0.03/turn               (no ring)
MPRegen 0.10/turn               (no ring)

@: studying Earth Magic, drained, quick
A: very small, claws 1, fangs 3, see invisible, speed 1, shaggy fur 1, stealthy
paws, no weapons or thrown items, no armour, multi-lived
a: no special abilities


You were on level 2 of the Dungeon.
You visited 1 branch of the dungeon, and saw 2 of its levels.

You collected 31 gold pieces.

Inventory:

Scrolls
 a - a scroll of amnesia
 c - a scroll of enchant armour {unknown}
Potions
 b - 2 potions of curing {unknown}


   Skills:
 + Level 1.2 Fighting
 + Level 2.9 Dodging
 * Level 3.3 Unarmed Combat
 + Level 2.1 Spellcasting
 * Level 2.8 Transmutations


You had 4 spell levels left.
You knew the following spells:

 Your Spells              Type           Power      Damage    Failure   Level
a - Beastly Appendage     Tmut           18%        N/A       8%          1

Your spell library contained the following spells:

 Spells                   Type           Power      Damage    Failure   Level
 Wereblood                Tmut           9%         N/A       11%         2
 Spider Form              Tmut/Pois      5%         N/A       36%         3
 Ice Form                 Ice/Tmut       5%         N/A       78%         4


Dungeon Overview and Level Annotations

Branches:
Dungeon (2/15)

Altars:


Innate Abilities, Weirdness & Mutations

You have sharp claws.
You have razor-sharp teeth.
You have supernaturally acute eyesight. (SInv)
You cover ground quickly. (Speed+)
You are covered in fur. (AC +1)
Your paws help you pounce on unaware monsters.
You are incapable of wielding weapons or throwing items.
You cannot wear armour.
You gain extra lives every three experience levels.


Message History

A kobold comes into view. It is wielding a +0 short sword.
An orc comes into view. It is wielding a +0 whip.
An endoplasm comes into view.
An orc comes into view. It is wielding a +0 short sword.
Your transformation is almost over.
The orc shouts!
The orc wizard shouts!
The ball python hisses angrily.
The endoplasm quivers.
The kobold shouts!
The orc shouts! x2
Found 15 gold pieces.
The orc closely misses you. The orc barely misses you.
There is a stone staircase leading down here.
You scratch the orc. You headbutt the orc.
The orc is moderately wounded.
The orc closely misses you. The orc hits you with a +0 short sword.
You barely miss the orc.
The orc is moderately wounded.
The orc hits you with a +0 short sword. The orc misses you.
You are too injured to fight recklessly!
You are too injured to fight recklessly!
You are too injured to fight recklessly!
You are too injured to fight recklessly!
You are too injured to fight recklessly!
The orc wizard gestures wildly while chanting.
The orc wizard flickers and vanishes for a moment.
Your horns disappear.
You barely miss the orc. You bite the orc.
The orc is heavily wounded.
The orc hits you with a +0 short sword.
You scratch the orc.
You kill the orc!
The orc throws a boomerang.
The boomerang hits you.
* * * LOW HITPOINT WARNING * * *
The orc hits you with a +0 hand axe of draining.
* * * LOW HITPOINT WARNING * * *
You feel drained.
Things that are here:
a +0 short sword; an orc corpse You scratch the orc.
The orc is lightly wounded.
The orc hits you with a +0 hand axe of draining.
You die...

... ......+ ...
....$## #+#.#+#.....#
.......># .......o#
.......o# ......SK#
#.....#o# ###.###@# #.
#.# #.###.# ######
#.....# .....#
#....###### ####.#
#.........# .# #.#
#..##.#.#.#
.###.########.#.##.#.#
.....#.....)..##.#...#


You could see an orc wizard (invisible), 2 orcs, a ball python and a kobold.

Vanquished Creatures
  An orc (D:2)
  A giant cockroach (D:1)
  3 goblins (D:1)
  4 hobgoblins
  4 jackals (D:1)
  A ball python (D:2)
  A frilled lizard (D:1)
  2 kobolds (D:1)
  2 rats
19 creatures vanquished.

Notes
Turn   | Place    | Note
-------+----------+-------------------------------------------
     0 | D:1      | riojii the Felid Transmuter began the quest for the Orb.
     0 | D:1      | Reached XP level 1. HP: 9/9 MP: 4/4
   192 | D:1      | Found a faded altar of an unknown god.
   607 | D:1      | Reached XP level 2. HP: 10/12 MP: 4/6
  1288 | D:2      | Slain by an orc

Illustrated notes

Levels and vault maps discovered:
D:1:      minmay_arrival_radiant_lines, layout_loops_ring,
          shapermc_ecumenical_altar_ellora, minmay_pentomino_v4
D:2:      minmay_recursive_quarters, layout_basic, minmay_misc_feat_tiny

Action                   || total
-------------------------++-------
Melee: Unarmed           ||    42
       Headbutt          ||     7
       Bite              ||     3
 Cast: Beastly Appendage ||     8
  Use: Scroll            ||     1
 Stab: Sleeping          ||     1
Armor: Skin              ||     1
Dodge: Dodged            ||    29

Table legend: (Time is in decaauts)
 A = Elapsed time spent in this place.
 B = Non-inter-level travel time spent in this place.
 C = Inter-level travel time spent in this place.
 D = Time resting spent in this place.
 E = Time spent auto-exploring this place.
 F = Levels seen in this place.
 G = Mean time per level.
                   A        B        C        D        E       F      G
               +--------+--------+--------+--------+--------+-----+--------+
         Total |   1121 |   1100 |     21 |      0 |    985 |   2 |  560.5 |
       Dungeon |   1121 |   1100 |     21 |      0 |    985 |   2 |  560.5 |
               +--------+--------+--------+--------+--------+-----+--------+

Top non-repeatable levels by time:
     D:1: 947 daAuts
     D:2: 173 daAuts
